AoeStats
← Mark0

Arena

508812416Analyzed
2v2 RM · 8d ago on Sep 24, 2026· 48m 14s· 4 players
Game mode
Random Map
Map size
Medium (4 player)
Population
200
Speed
Normal
Resources
Standard
Victory
Conquest
Starting age
Dark Age
Ending age
Imperial Age
RankedLock teamsTeams togetherTeam positionsShared explorationLock speedFull tech treeHidden civsTurbo modeCheats
Victory
Defeat
🇨🇳 Gurjaras · China
923
+13
🇪🇸 Slavs · Spain
794
+18
🇲🇽 Bohemians · Mexico
860
-16
🇲🇽 Italians · Mexico
836
-15
Mark0
4:26 Loom
11:28 Feudal Age
15:46 Castle Age
13:53 Double-Bit Axe
15:01 Horse Collar
17:01 Wheelbarrow
17:21 Town Watch
18:59 Fervor
21:27 Heavy Plow
23:26 Fletching
23:36 Murder Holes
25:38 Bodkin Arrow
28:13 Sanctity
27:56 Scale Mail Armor
30:30 Chemistry
32:11 Ballistics
32:19 Bow Saw
35:49 Imperial Age
34:35 Forging
36:57 Conscription
37:13 Hand Cart
41:42 Two-Man Saw
42:57 Fortified Wall
43:05 Chain Mail Armor
45:19 Plate Mail Armor
44:52 Squires
44:13 Pikeman
45:20 Halberdier
PigNoise
0:25 Loom
10:24 Feudal Age
12:03 Double-Bit Axe
12:57 Horse Collar
20:20 Castle Age
19:33 Gold Mining
21:14 Heavy Plow
21:35 Bow Saw
24:08 Padded Archer Armor
23:59 Fletching
24:13 Stone Mining
25:55 Fortified Wall
25:36 Heated Shot
26:26 Forging
26:17 Scale Mail Armor
26:33 Leather Archer Armor
26:14 Bodkin Arrow
26:25 Scale Barding Armor
27:47 Wheelbarrow
27:29 Man-at-Arms
29:23 Pikeman
30:04 Squires
30:47 Arson
35:09 Imperial Age
33:38 Iron Casting
34:57 Silk Road
36:11 Husbandry
35:34 Cavalier
36:56 Caravan
37:27 Coinage
37:08 Guilds
37:02 Capped Ram
40:46 Crop Rotation
42:15 Silk Road
44:52 Ring Archer Armor
46:32 Conscription
46:48 Hoardings
Pr8feSS8r
11:45 Feudal Age
15:29 Castle Age
13:44 Double-Bit Axe
16:13 Stone Mining
16:38 Bow Saw
18:54 Wheelbarrow
21:04 Horse Collar
23:05 Loom
23:20 Gold Mining
23:45 Heavy Plow
24:46 Detinets
26:05 Hand Cart
26:59 Gold Shaft Mining
31:48 Imperial Age
29:35 Murder Holes
29:45 Pikeman
31:53 Halberdier
33:13 Conscription
33:08 Forging
33:58 Two-Man Saw
33:30 Crop Rotation
33:51 Squires
34:29 Iron Casting
34:20 Town Watch
34:26 Fletching
35:03 Ballistics
34:21 Onager
37:12 Blast Furnace
36:12 Scale Mail Armor
36:25 Siege Engineers
37:21 Chemistry
36:33 Fortified Wall
39:36 Siege Onager
41:05 Chain Mail Armor
41:04 Masonry
41:30 Druzhina
42:06 Hoardings
42:44 Town Patrol
43:16 Plate Mail Armor
42:42 Bodkin Arrow
45:24 Man-at-Arms
47:10 Long Swordsman
打不过
2:40 Loom
9:15 Feudal Age
15:38 Castle Age
13:40 Double-Bit Axe
19:20 Bow Saw
19:02 Stone Mining
20:03 Town Watch
21:20 Gold Mining
21:30 Horse Collar
27:46 Forging
28:11 Heavy Plow
31:59 Imperial Age
30:10 Bloodlines
30:43 Wheelbarrow
30:59 Treadmill Crane
31:18 Murder Holes
32:18 Hand Cart
32:47 Iron Casting
32:25 Masonry
33:04 Conscription
34:01 Gold Shaft Mining
36:25 Scale Barding Armor
37:34 Chain Barding Armor
38:15 Kshatriyas
39:43 Crop Rotation
41:20 Plate Barding Armor
41:19 Elite Shrivamsha Rider
42:13 Husbandry
44:01 Siege Elephant
48:40 Hoardings
Connection lost

Rejoining the realm…

Still unreachable

The connection could not be restored.

Session expired

The server has moved on; the page needs a fresh start.